AoeStats
← WILSON-2026

Arena

505211455Analyzed
1v1 RM · 24d ago on Sep 8, 2026· 44m 33s· 2 players
Game mode
Random Map
Map size
Tiny (2 player)
Population
200
Speed
Normal
Resources
Standard
Victory
Conquest
Starting age
Dark Age
Ending age
Imperial Age
RankedLock teamsTeams togetherTeam positionsShared explorationLock speedFull tech treeHidden civsTurbo modeCheats
Victory
Defeat
🇨🇳 Saracens · China
1161
+16
🇧🇷 Saracens · Brazil
1166
-16
WILSON-2026
1:19 Loom
5:37 Loom
10:58 Feudal Age
14:37 Castle Age
12:44 Double-Bit Axe
12:58 Horse Collar
21:11 Loom
23:48 Wheelbarrow
23:25 Bow Saw
23:20 Heavy Plow
23:34 Town Watch
26:11 Hand Cart
26:10 Stone Mining
27:02 Treadmill Crane
30:23 Imperial Age
28:01 Gold Mining
30:25 Gold Shaft Mining
30:24 Ballistics
30:34 Bimaristan
30:56 Town Patrol
32:09 Chemistry
31:25 Masonry
31:37 Conscription
34:13 Two-Man Saw
34:05 Murder Holes
36:04 Scale Barding Armor
36:10 Forging
36:41 Siege Engineers
37:20 Elite Mameluke
38:49 Chain Barding Armor
39:04 Iron Casting
38:57 Fletching
39:29 Husbandry
39:39 Bloodlines
41:47 Plate Barding Armor
42:12 Blast Furnace
42:55 Fortified Wall
43:57 Blast Furnace
43:56 Bodkin Arrow
44:25 Fervor
44:35 Sanctity
45:14 Hoardings
45:04 Devotion
SANTACLAUZ
10:47 Feudal Age
11:17 Double-Bit Axe
12:14 Stone Mining
16:02 Castle Age
14:19 Horse Collar
15:46 Gold Mining
17:03 Bow Saw
18:11 Heavy Plow
21:37 Wheelbarrow
23:20 Hand Cart
24:37 Gold Shaft Mining
28:43 Imperial Age
28:07 Bloodlines
28:03 Husbandry
28:11 Scale Barding Armor
28:25 Forging
29:14 Fletching
29:54 Conscription
29:24 Town Watch
29:06 Light Cavalry
29:49 Devotion
30:10 Block Printing
31:00 Chemistry
31:11 Two-Man Saw
31:32 Iron Casting
31:20 Bodkin Arrow
31:48 Ballistics
31:47 Masonry
32:46 Siege Engineers
33:14 Onager
34:34 Hoardings
36:58 Heavy Camel Rider
42:18 Chain Barding Armor
44:06 Redemption
Connection lost

Rejoining the realm…

Still unreachable

The connection could not be restored.

Session expired

The server has moved on; the page needs a fresh start.